| TOP OF THE 1ST |
|
New Orleans Zephyrs batting - Pitching for Iowa Cubs : RHP Chris Allen
|
|
Pitching: RHP Chris Allen
|
|
|
Batting: RHB Boof Howell
|
0-0: Ball 1-0: Reached on error, E2 (Groundball, 15S, EV 70.0 MPH)
|
|
Batting: LHB David Doge
|
0-0: Ball Passed Ball! Boof Howell to third 1-0: Ball 2-0: Called Strike 2-1: Foul Ball, location: 2F 2-2: Strikes out looking
|
|
Batting: RHB Mike Gar
|
0-0: Ground out 6-3 (Groundball, 6, EV 101.9 MPH) Boof Howell scores
|
|
Batting: SHB Dan Zink
|
0-0: Swinging Strike 0-1: Ground out 1-3 (Groundball, 13S, EV 65.6 MPH)
|
| Top of the 1st over - 1 run, 0 hits, 1 error, 0 left on base; New Orleans 1 - Iowa 0 |
| BOTTOM OF THE 1ST |
|
Iowa Cubs batting - Pitching for New Orleans Zephyrs : RHP Pat Proctor
|
|
Pitching: RHP Pat Proctor
|
|
|
Batting: RHB Jason Ostrom
|
0-0: Swinging Strike 0-1: Ball 1-1: Ground out 5-3 (Groundball, 56S, EV 85.6 MPH)
|
|
Batting: RHB Andy Wasierski
|
0-0: Called Strike 0-1: Foul Ball, location: 2F 0-2: Ground out 6-3 (Groundball, 6, EV 104.4 MPH)
|
|
Batting: RHB Kaeo Zirpoli
|
0-0: Ground out 2-3 (Groundball, 2R, EV 71.2 MPH)
|
| Bottom of the 1st over - 0 runs, 0 hits, 0 errors, 0 left on base; New Orleans 1 - Iowa 0 |
| TOP OF THE 2ND |
|
New Orleans Zephyrs batting - Pitching for Iowa Cubs : RHP Chris Allen
|
|
Batting: RHB Jim Fisher
|
0-0: Fly out, F9 (Line Drive, 89D, EV 93.1 MPH)
|
|
Batting: RHB Gavin Helton
|
0-0: SINGLE (Groundball, 56D, EV 105.0 MPH)
|
|
Pitching: RHP Julio Arteaga
|
|
|
Batting: RHB Ryuki Ogasawara
|
0-0: Called Strike 0-1: Ball 1-1: Fielders Choice at 2nd, 6-4 (Groundball, 6, EV 86.2 MPH)
|
|
Batting: RHB Bill de Jesus
|
0-0: Ball Ryuki Ogasawara is caught stealing 2nd base 2-4
|
| Top of the 2nd over - 0 runs, 1 hit, 0 errors, 0 left on base; New Orleans 1 - Iowa 0 |
| BOTTOM OF THE 2ND |
|
Iowa Cubs batting - Pitching for New Orleans Zephyrs : RHP Pat Proctor
|
|
Batting: RHB Adam O'Hare
|
0-0: Foul Ball, location: 2F 0-1: DOUBLE (Flyball, 89XD, EV 110.6 MPH)
|
|
Batting: RHB Pat Barton
|
0-0: Ground out 6-3 (Groundball, 6, EV 85.0 MPH) Adam O'Hare to third
|
|
Batting: SHB Art Kent
|
0-0: Ball 1-0: Ball 2-0: Called Strike 2-1: Swinging Strike 2-2: Ball 3-2: Foul Ball, location: 2F 3-2: Strikes out swinging
|
|
Batting: RHB Brian Gargis
|
0-0: Ball 1-0: Fly out, F8 (Flyball, 8LXD, EV 107.5 MPH)
|
| Bottom of the 2nd over - 0 runs, 1 hit, 0 errors, 1 left on base; New Orleans 1 - Iowa 0 |
| TOP OF THE 3RD |
|
New Orleans Zephyrs batting - Pitching for Iowa Cubs : RHP Julio Arteaga
|
|
Batting: RHB Bill de Jesus
|
0-0: Foul Ball, location: 2F 0-1: Ground out 5-3 (Groundball, 56S, EV 65.6 MPH)
|
|
Batting: RHB John Jackson
|
0-0: Ball 1-0: Called Strike 1-1: Foul Ball, location: 2F 1-2: Foul Ball, location: 2F 1-2: Ball 2-2: Foul Ball, location: 2F 2-2: Strikes out swinging, 2-3 out at first.
|
|
Batting: RHB Boof Howell
|
0-0: Ball 1-0: Foul Ball, location: 2F 1-1: Ball 2-1: Fly out, F6 (Popup, 6M, EV 61.9 MPH)
|
| Top of the 3rd over - 0 runs, 0 hits, 0 errors, 0 left on base; New Orleans 1 - Iowa 0 |
| BOTTOM OF THE 3RD |
|
Iowa Cubs batting - Pitching for New Orleans Zephyrs : RHP Pat Proctor
|
|
Batting: RHB Adam Kelliher
|
0-0: Called Strike 0-1: Ball 1-1: Swinging Strike 1-2: Foul Ball, location: 2F 1-2: Ground out 5-3 (Groundball, 5L, EV 106.9 MPH)
|
|
Batting: SHB Nick Chandler
|
0-0: Called Strike 0-1: Ball 1-1: Foul Ball, location: 2F 1-2: Ball 2-2: Foul Ball, location: 2F 2-2: SOLO HOME RUN (Flyball, 78XD, EV 100.6 MPH), Distance : 393 ft
|
|
Batting: RHB Jason Ostrom
|
0-0: Ball 1-0: Ball 2-0: Ball 3-0: Base on Balls
|
|
Batting: RHB Andy Wasierski
|
0-0: SINGLE (Groundball, 6D, EV 96.2 MPH) Jason Ostrom to second
|
|
Batting: RHB Kaeo Zirpoli
|
0-0: Ball 1-0: Ball 2-0: Foul Ball, location: 2F 2-1: Ball 3-1: Base on Balls Jason Ostrom to third Andy Wasierski to second
|
|
Batting: RHB Adam O'Hare
|
0-0: Called Strike 0-1: Called Strike 0-2: Ball 1-2: Ball 2-2: Foul Ball, location: 2F 2-2: Strikes out looking
|
|
Batting: RHB Pat Barton
|
0-0: Ball Wild Pitch! Jason Ostrom scores Andy Wasierski to third Kaeo Zirpoli to second 1-0: Ball 2-0: Ball 3-0: Base on Balls
|
|
Batting: SHB Art Kent
|
0-0: Called Strike 0-1: Swinging Strike 0-2: Ball 1-2: Ball Wild Pitch! Andy Wasierski scores Kaeo Zirpoli to third Pat Barton to second 2-2: SINGLE (Groundball, 34D, EV 108.1 MPH) Kaeo Zirpoli scores Pat Barton to third Runner from 3rd tries for Home, SAFE, throw by RF to home Art Kent to second
|
|
Batting: RHB Brian Gargis
|
0-0: Ball 1-0: Called Strike 1-1: Foul Ball, location: 2F 1-2: Strikes out looking
|
| Bottom of the 3rd over - 5 runs, 3 hits, 0 errors, 1 left on base; New Orleans 1 - Iowa 5 |
| TOP OF THE 4TH |
|
New Orleans Zephyrs batting - Pitching for Iowa Cubs : RHP Julio Arteaga
|
|
Batting: LHB David Doge
|
0-0: Ball 1-0: Ball 2-0: Fly out, F8 (Flyball, 8LD, EV 94.4 MPH)
|
|
Batting: RHB Mike Gar
|
0-0: Fly out, F4 (Popup, 34S, EV 76.9 MPH)
|
|
Batting: SHB Dan Zink
|
0-0: Ball 1-0: Fly out, F8 (Line Drive, 8RM, EV 98.1 MPH)
|
| Top of the 4th over - 0 runs, 0 hits, 0 errors, 0 left on base; New Orleans 1 - Iowa 5 |
| BOTTOM OF THE 4TH |
|
Iowa Cubs batting - Pitching for New Orleans Zephyrs : RHP Pat Proctor
|
|
Batting: RHB Adam Kelliher
|
0-0: Called Strike 0-1: Foul Ball, location: 2F 0-2: Strikes out looking
|
|
Batting: SHB Nick Chandler
|
0-0: Ball 1-0: Called Strike 1-1: Foul Ball, location: 2F 1-2: Strikes out swinging
|
|
Batting: RHB Jason Ostrom
|
0-0: Foul Ball, location: 2F 0-1: Ball 1-1: Ball 2-1: Ball 3-1: Base on Balls
|
|
Pitching: RHP Alex Garza
|
|
|
Batting: RHB Andy Wasierski
|
0-0: Foul Ball, location: 2F 0-1: Ground out 4-3 (Groundball, 4, EV 83.8 MPH)
|
| Bottom of the 4th over - 0 runs, 0 hits, 0 errors, 1 left on base; New Orleans 1 - Iowa 5 |
| TOP OF THE 5TH |
|
New Orleans Zephyrs batting - Pitching for Iowa Cubs : RHP Julio Arteaga
|
|
Batting: RHB Jim Fisher
|
0-0: Ground out 5-3 (Groundball, 56D, EV 84.4 MPH)
|
|
Batting: RHB Gavin Helton
|
0-0: Called Strike 0-1: Ball 1-1: SINGLE (Groundball, 6D, EV 97.5 MPH)
|
|
Batting: RHB Ryuki Ogasawara
|
0-0: Ball Gavin Helton steals 2nd base 1-0: Foul Ball, location: 2F 1-1: Ground out 6-3 (Groundball, 6, EV 89.4 MPH) Gavin Helton to third
|
|
Batting: RHB Bill de Jesus
|
0-0: Foul Ball, location: 2F 0-1: Called Strike 0-2: DOUBLE (Line Drive, 89XD, EV 107.5 MPH) Gavin Helton scores
|
|
Batting: RHB John Jackson
|
0-0: Called Strike 0-1: Foul Ball, location: 2F 0-2: Strikes out swinging
|
| Top of the 5th over - 1 run, 2 hits, 0 errors, 1 left on base; New Orleans 2 - Iowa 5 |
| BOTTOM OF THE 5TH |
|
Iowa Cubs batting - Pitching for New Orleans Zephyrs : RHP Alex Garza
|
|
Batting: RHB Kaeo Zirpoli
|
0-0: DOUBLE (Flyball, 8LXD, EV 110.6 MPH)
|
|
Batting: RHB Adam O'Hare
|
0-0: Ball 1-0: Called Strike 1-1: Swinging Strike 1-2: Ball 2-2: Ball 3-2: Strikes out swinging
|
|
Batting: RHB Pat Barton
|
0-0: Called Strike 0-1: Ball 1-1: Ball 2-1: Ball 3-1: Foul Ball, location: 2F 3-2: Base on Balls
|
|
Batting: SHB Art Kent
|
0-0: Ball 1-0: Ground out 5-3 (Groundball, 56S, EV 67.5 MPH) Kaeo Zirpoli to third Pat Barton to second
|
|
Batting: RHB Brian Gargis
|
0-0: Ball 1-0: Ball 2-0: SINGLE (Groundball, 34D, EV 98.1 MPH) Kaeo Zirpoli scores Pat Barton to third Runner from 3rd tries for Home, SAFE, throw by RF to home
|
|
Batting: RHB Adam Kelliher
|
0-0: Swinging Strike 0-1: Ball Brian Gargis is caught stealing 2nd base 2-4
|
| Bottom of the 5th over - 2 runs, 2 hits, 0 errors, 0 left on base; New Orleans 2 - Iowa 7 |
| TOP OF THE 6TH |
|
New Orleans Zephyrs batting - Pitching for Iowa Cubs : RHP Julio Arteaga
|
|
Batting: RHB Boof Howell
|
0-0: Called Strike 0-1: Ball 1-1: Ground out U3 (Groundball, 3, EV 80.6 MPH)
|
|
Batting: LHB David Doge
|
0-0: Foul Ball, location: 2F 0-1: Ball 1-1: Swinging Strike 1-2: Hit by Pitch
|
|
Batting: RHB Mike Gar
|
0-0: Ball David Doge is caught stealing 2nd base 2-4 1-0: Called Strike 1-1: SOLO HOME RUN (Line Drive, 9LD, EV 100.0 MPH), Distance : 363 ft
|
|
Batting: SHB Dan Zink
|
0-0: Ball 1-0: Called Strike 1-1: Ball 2-1: Swinging Strike 2-2: Strikes out swinging
|
| Top of the 6th over - 1 run, 1 hit, 0 errors, 0 left on base; New Orleans 3 - Iowa 7 |
| BOTTOM OF THE 6TH |
|
Iowa Cubs batting - Pitching for New Orleans Zephyrs : RHP Alex Garza
|
|
Batting: RHB Adam Kelliher
|
0-0: Ball 1-0: Called Strike 1-1: Ball 2-1: Ball 3-1: Base on Balls
|
|
Batting: SHB Nick Chandler
|
0-0: Called Strike 0-1: Ball Adam Kelliher steals 2nd base 1-1: Foul Ball, location: 2F 1-2: Ball 2-2: Ground out 4-3 (Groundball, 34, EV 105.6 MPH) Adam Kelliher to third
|
|
Batting: RHB Jason Ostrom
|
0-0: Ball 1-0: Called Strike 1-1: Swinging Strike 1-2: Ball 2-2: Strikes out swinging
|
|
Batting: RHB Andy Wasierski
|
0-0: Ball 1-0: Called Strike 1-1: SINGLE (Flyball, 89S, EV 96.2 MPH) - OUT at second base trying to stretch hit. Adam Kelliher scores
|
| Bottom of the 6th over - 1 run, 1 hit, 0 errors, 0 left on base; New Orleans 3 - Iowa 8 |
| TOP OF THE 7TH |
|
New Orleans Zephyrs batting - Pitching for Iowa Cubs : RHP Julio Arteaga
|
|
Pitching: RHP Michele Montella
|
|
|
Batting: RHB Jim Fisher
|
0-0: Called Strike 0-1: Ball 1-1: SINGLE (Groundball, 4MD, EV 97.5 MPH)
|
|
Batting: RHB Gavin Helton
|
0-0: Ball 1-0: Foul Ball, location: 2F 1-1: Foul Ball, location: 2F 1-2: DOUBLE (Line Drive, 9LS, EV 96.2 MPH) Jim Fisher to third
|
|
Pinch Hitting: LHB Carlos Mosqueda
|
0-0: Ball 1-0: Ball 2-0: Ball 3-0: Swinging Strike 3-1: Base on Balls
|
|
Pinch Hitting: LHB Mike Kara
|
0-0: Ball 1-0: Fielders Choice at 2nd, 4-6 (Groundball, 4S, EV 92.5 MPH) Jim Fisher scores Gavin Helton to third
|
|
Batting: RHB John Jackson
|
0-0: Ball 1-0: Ground out 5-3 (Groundball, 5S, EV 73.1 MPH) Gavin Helton scores Mike Kara to second
|
|
Batting: RHB Boof Howell
|
0-0: Ball 1-0: Ball 2-0: Swinging Strike 2-1: Foul Ball, location: 2F 2-2: Ball 3-2: Fly out, F8 (Flyball, 8RD, EV 89.4 MPH)
|
| Top of the 7th over - 2 runs, 2 hits, 0 errors, 1 left on base; New Orleans 5 - Iowa 8 |
| BOTTOM OF THE 7TH |
|
Iowa Cubs batting - Pitching for New Orleans Zephyrs : RHP Alex Garza
|
|
Pitching: LHP Patrick Meesters
|
|
|
Now at 1B: Carlos Mosqueda
|
|
|
Now at 2B: Alex Gomez
|
|
|
Batting: RHB Kaeo Zirpoli
|
0-0: Called Strike 0-1: Ball 1-1: Ball 2-1: Foul Ball, location: 2F 2-2: Reached on error, E3 (Groundball, 34, EV 100.0 MPH)
|
|
Batting: RHB Adam O'Hare
|
0-0: Swinging Strike 0-1: Foul Ball, location: 2F 0-2: Ball 1-2: Strikes out swinging
|
|
Batting: RHB Pat Barton
|
0-0: Ball 1-0: Called Strike 1-1: Ball 2-1: Ball 3-1: Base on Balls Kaeo Zirpoli to second
|
|
Batting: SHB Art Kent
|
0-0: Called Strike 0-1: Ball 1-1: Foul Ball, location: 2F 1-2: SINGLE (Groundball, P, EV 88.8 MPH) (infield hit) Kaeo Zirpoli to third Pat Barton to second
|
|
Batting: RHB Brian Gargis
|
0-0: Called Strike 0-1: Called Strike 0-2: Strikes out looking
|
|
Batting: RHB Adam Kelliher
|
0-0: Swinging Strike 0-1: Called Strike 0-2: Strikes out swinging
|
| Bottom of the 7th over - 0 runs, 1 hit, 1 error, 3 left on base; New Orleans 5 - Iowa 8 |
| TOP OF THE 8TH |
|
New Orleans Zephyrs batting - Pitching for Iowa Cubs : RHP Michele Montella
|
|
Batting: LHB David Doge
|
0-0: Ball 1-0: Ground out U3 (Groundball, 3L, EV 85.0 MPH)
|
|
Batting: RHB Mike Gar
|
0-0: Ball 1-0: Called Strike 1-1: Ground out 5-3 (Groundball, 56, EV 81.2 MPH)
|
|
Batting: SHB Dan Zink
|
0-0: Ball 1-0: Ground out 5-3 (Groundball, 5L, EV 83.8 MPH)
|
| Top of the 8th over - 0 runs, 0 hits, 0 errors, 0 left on base; New Orleans 5 - Iowa 8 |
| BOTTOM OF THE 8TH |
|
Iowa Cubs batting - Pitching for New Orleans Zephyrs : LHP Patrick Meesters
|
|
Batting: SHB Nick Chandler
|
0-0: Foul Ball, location: 2F 0-1: Swinging Strike 0-2: Ball 1-2: Ball 2-2: Foul Ball, location: 2F 2-2: Ball 3-2: Foul Ball, location: 2F 3-2: Strikes out swinging, 2-3 out at first.
|
|
Batting: RHB Jason Ostrom
|
0-0: Foul Ball, location: 2F 0-1: Swinging Strike 0-2: Fly out, F9 (Flyball, 9D, EV 88.8 MPH)
|
|
Batting: RHB Andy Wasierski
|
0-0: Ball 1-0: Ball 2-0: Ball 3-0: Called Strike 3-1: Foul Ball, location: 2F 3-2: SINGLE (Groundball, 4MD, EV 95.0 MPH)
|
|
Batting: RHB Kaeo Zirpoli
|
0-0: Called Strike Andy Wasierski steals 2nd base 0-1: Foul Ball, location: 2F 0-2: Ball 1-2: Foul Ball, location: 2F 1-2: Ball 2-2: Ball 3-2: Base on Balls
|
|
Batting: RHB Adam O'Hare
|
0-0: Swinging Strike 0-1: Called Strike 0-2: Foul Ball, location: 2F 0-2: Strikes out looking
|
| Bottom of the 8th over - 0 runs, 1 hit, 0 errors, 2 left on base; New Orleans 5 - Iowa 8 |
| TOP OF THE 9TH |
|
New Orleans Zephyrs batting - Pitching for Iowa Cubs : RHP Michele Montella
|
|
Pitching: RHP Willie Ramos
|
|
|
Batting: RHB Jim Fisher
|
0-0: Ground out 6-3 (Groundball, 6S, EV 85.0 MPH)
|
|
Pinch Hitting: LHB Jose Bregaro
|
0-0: Foul Ball, location: 2F 0-1: Swinging Strike 0-2: Strikes out looking
|
|
Batting: LHB Carlos Mosqueda
|
0-0: SINGLE (Groundball, 6D, EV 98.1 MPH)
|
|
Batting: RHB Alex Gomez
|
0-0: Swinging Strike 0-1: Fly out, F8 (Flyball, 89M, EV 89.4 MPH)
|
| Top of the 9th over - 0 runs, 1 hit, 0 errors, 1 left on base; New Orleans 5 - Iowa 8 |
|